 Dungeon Crawl Stone Soup version 0.21-a0-225-g207ae17 (webtiles) character file.

8 tidbits the Skirmisher (level 2, 27/27 HPs)
             Began as a Draconian Wanderer on Aug 28, 2017.
             Quit the game on level 2 of the Dungeon.
             The game lasted 00:01:32 (195 turns).

tidbits the Skirmisher (Draconian Wanderer)          Turns: 195, Time: 00:01:33

Health: 27/27      AC:  4    Str: 12    XL:     2   Next: 0%
Magic:  2/2        EV: 11    Int: 13    God:
Gold:   27         SH:  0    Dex: 11    Spells: 1/1 levels left

rFire    . . .     SeeInvis .   e - -1 whip (curse)
rCold    . . .     Gourm    .   (no shield)
rNeg     . . .     Faith    .   (armour unavailable)
rPois    .         Spirit   .   (helmet restricted)
rElec    .         Reflect  .   (no cloak)
rCorr    .         Harm     .   (no gloves)
MR       .....                  (no boots)
Stlth    +.........             (no amulet)
HPRegen  0.09/turn              (no ring)
MPRegen  0.08/turn              (no ring)

@: no status effects
A: unfitting armour, cold-blooded, AC +4
a: no special abilities


You were on level 2 of the Dungeon.
You were not hungry.

You visited 1 branch of the dungeon, and saw 2 of its levels.

You collected 27 gold pieces.

Inventory:

Hand Weapons
 a - a +0 hand axe
 b - a +2 blowgun
 e - a cursed -1 whip (weapon)
Missiles
 c - 2 curare-tipped needles
Potions
 d - a potion of lignification
Comestibles
 f - a bread ration
 g - a royal jelly


   Skills:
 + Level 3.9 Fighting
 - Level 3.0(3.3) Axes
 - Level 2.0(2.8) Maces & Flails
 - Level 1.0 Throwing
 - Level 1.0 Stealth


You had one spell level left.
You didn't know any spells.

Dungeon Overview and Level Annotations

Branches:
Dungeon (2/15)

Altars:


Innate Abilities, Weirdness & Mutations

Your plain brown scales are hard. (AC +4)
You cannot fit into any form of body armour.
You are cold-blooded and may be slowed by cold attacks.


Message History

Unknown command.
Adjust (i)tems, (s)pells, or (a)bilities?
Adjust which item? (? for menu, Esc to quit)
c - a +0 hand axe Adjust to which letter? (? for menu, Esc to quit)
a - a +0 hand axe;
c - 3 curare-tipped needles (quivered)
A kobold comes into view. It is wielding a short sword.
The kobold shouts!
You hear an angry hiss.
a - a +0 hand axe (weapon)
You closely miss the kobold. The kobold hits you but does no damage.
A hobgoblin comes into view. It is wielding a club.
You completely miss the kobold. The kobold hits you but does no damage.
A frilled lizard comes into view.
You miss the kobold.
Your tail-slap misses the kobold.
The kobold hits you with a short sword.
b - a +2 blowgun (weapon)
The kobold hits you but does no damage.
Firing (i - inventory):
c - 3 curare-tipped needles (quivered)
Press: ? - help, Shift-Dir - straight line, f - frilled lizard
Aim: a frilled lizard You shoot a curare-tipped needle.
The curare-tipped needle hits the kobold.
The kobold is poisoned.
The kobold convulses.
You kill the kobold!
Firing (i - inventory):
c - 2 curare-tipped needles (quivered)
Press: ? - help, Shift-Dir - straight line, f/p - frilled lizard
Aim: a frilled lizard You shoot a curare-tipped needle.
The curare-tipped needle hits the hobgoblin.
The hobgoblin is poisoned.
The hobgoblin convulses.
The hobgoblin seems to slow down.
The hobgoblin is almost dead.
You kill the hobgoblin!
a - a +0 hand axe (weapon)
You barely miss the frilled lizard.
You tail-slap the frilled lizard, but do no damage.
The frilled lizard closely misses you.
You barely miss the frilled lizard.
The frilled lizard bites you but does no damage.
You barely miss the frilled lizard.
You tail-slap the frilled lizard, but do no damage.
The frilled lizard bites you but does no damage. x2
You hit the frilled lizard.
You kill the frilled lizard!
c - 2 curare-tipped needles (gained 1)
Things that are here:
a club; a short sword; a frilled lizard corpse
Found a leather armour.
A kobold comes into view.
You slash the kobold!
You kill the kobold!
Found 10 gold pieces.
You now have 10 gold pieces.
b - a +2 blowgun (weapon)
A goblin comes into view. It is wielding a club.
a - a +0 hand axe (weapon)
The goblin shouts!
You hit the goblin.
You kill the goblin!
Things that are here:
a club; a goblin corpse
b - a +2 blowgun (weapon)
A ball python comes into view.
The ball python hisses angrily.
Found 6 gold pieces.
a - a +0 hand axe (weapon)
You barely miss the ball python.
Your tail-slap misses the ball python.
The ball python barely misses you. The ball python closely misses you.
You slash the ball python!
You kill the ball python!
You now have 16 gold pieces (gained 6).
A bat comes into view.
Found a stone staircase leading down.
The bat barely misses you. The bat misses you.
You closely miss the bat. The bat hits you but does no damage. x2
The bat misses you.
You miss the bat. The bat misses you. The bat closely misses you.
You hit the bat.
You kill the bat!
You have reached level 2!
You aren't carrying or standing over any spellbooks.
Unknown command.
There is a stone staircase leading down here.
There is a stone staircase leading down here.
You climb downwards.
There is a stone staircase leading up here.
Found 11 gold pieces.
You now have 27 gold pieces (gained 11).
Found a royal jelly and a runed whip.
g - a royal jelly You see here a runed whip.
e - a runed whip Wield which item (- for none, * to show all)? (? for menu, Esc to quit)
It sticks to your hand!
e - a cursed -1 whip (weapon)
You aren't carrying any spellbooks or scrolls.
Unknown command.
Are you sure you want to abandon this character and quit the game? (Confirm with "yes".)

#..##.##.#
#.....##.#
##.....#.#
###...#.#
#...#.#
#.###.#
#...#.#
###.#.#
#.@.#
#####


There were no monsters in sight!

Vanquished Creatures
  A ball python (D:1)
  A goblin (D:1)
  A hobgoblin (D:1)
  2 kobolds (D:1)
  A bat (D:1)
  A frilled lizard (D:1)
7 creatures vanquished.

Notes
Turn   | Place    | Note
-------+----------+-------------------------------------------
     0 | D:1      | tidbits the Draconian Wanderer began the quest for the Orb.
     0 | D:1      | tidbits set off with: 3 curare-tipped needles, a +2 blowgun, a +0 hand axe, a potion of lignification, a bread ration
     0 | D:1      | Reached XP level 1. HP: 19/19 MP: 1/1
   159 | D:1      | Reached XP level 2. HP: 27/27 MP: 2/2
   195 | D:2      | Quit the game

Vault maps used:
D:1:      dpeg_arrival_ratfight, serial_forest, infiniplex_forest_lined_room_2,
          infiniplex_forest_clump_tiny, infiniplex_forest_zigzag_1,
          infiniplex_forest_lined_3_way
D:2:      first_bread

Action                   || total
-------------------------++-------
Melee: Hand axe          ||    14
       Tailslap          ||     2
 Fire: Blowgun           ||     2
Armor: Skin              ||     7
Dodge: Dodged            ||     8

Table legend:
 A = Spawn XP
 B = Non-spawn XP
 C = Spawn XP percentage of total XP
 D = Spawn monster count
 E = Non-spawn monster count
 F = Spawn count percentage of total count
 G = Total turns spent on level
                    A         B        C        D         E        F      G
               +---------+---------+-------+---------+---------+-------+---------
         Total |       0 |      12 |   0.0 |       0 |       7 |   0.0 |   195
               +---------+---------+-------+---------+---------+-------+---------
           D:1 |       0 |      12 |   0.0 |       0 |       7 |   0.0 |   171
               +---------+---------+-------+---------+---------+-------+---------

Table legend:
 A = Turns spent in this place as a percentage of turns spent in the entire game.
 B = Non-inter-level travel turns spent in this place as a percentage of non-inter-level travel turns spent in the entire game.
 C = Inter-level travel turns spent in this place as a percentage of turns spent in this place.
 D = Turns resting spent in this place as a percentage of non-inter-level travel turns spent in this place.
 E = Turns spent auto-exploring this place as a percentage of non-inter-level travel turns spent in this place.
 F = Non-inter-level travel turns spent in this place divided by the number of levels of this place that you've seen.
                   A       B       C       D       E      F
               +-------+-------+-------+-------+-------+----------------------
         Total | 100.0 | 100.0 |  22.6 |   0.0 |   0.0 |  75.5
       Dungeon | 100.0 | 100.0 |  22.6 |   0.0 |   0.0 |  75.5
               +-------+-------+-------+-------+-------+----------------------

Table legend:
 A = Kills in this place as a percentage of kills in entire the game.
 B = Kills by you in this place as a percentage of kills by you in the entire game.
 C = Kills by friends in this place as a percentage of kills by friends in the entire game.
 D = Other kills in this place as a percentage of other kills in the entire game.
 E = Experience gained in this place as a percentage of experience gained in the entire game.
 F = Experience gained in this place divided by the number of levels of this place that you have seen.
                   A       B       C       D       E      F
               +-------+-------+-------+-------+-------+----------------------
         Total | 100.0 | 100.0 |   N/A |   N/A | 100.0 |   6.0
       Dungeon | 100.0 | 100.0 |   N/A |   N/A | 100.0 |   6.0
               +-------+-------+-------+-------+-------+----------------------

Vault maps used:
D:1:      dpeg_arrival_ratfight, serial_forest, infiniplex_forest_lined_room_2,
          infiniplex_forest_clump_tiny, infiniplex_forest_zigzag_1,
          infiniplex_forest_lined_3_way
D:2:      first_bread
